 Dungeon Crawl Stone Soup version 0.31-a0-691-g409c26aa35 (webtiles) character file.

Game seed: 6241870069644714679

1054 qw the Skirmisher (level 8, -13/49 HPs)
             Began as a Gargoyle Hunter on Sept 6, 2023.
             Mangled by an ogre
             ... wielding a +0 giant club
              (26 damage)
             ... on level 6 of the Dungeon.
             The game lasted 00:01:45 (4318 turns).

qw the Skirmisher (Gargoyle Hunter)                 Turns: 4318, Time: 00:01:46

Health: -13/49     AC: 12    Str: 22    XL:     8   Next: 26%
Magic:  8/8        EV: 11    Int:  9    God:
Gold:   242        SH:  0    Dex: 15    Spells: 7/7 levels left

rFire   . . .        Y - +2 orcbow
rCold   . . .        (shield currently unavailable)
rNeg    + . .        h - +0 ring mail
rPois   inf          d - +0 helmet
rElec   +            (no cloak)
rCorr   .            (no gloves)
SInv    .            (no boots)
Will    .....        j - amulet of faith
Stlth   +            b - +6 ring of strength
HPRegen 0.28/turn    (no ring)
MPRegen 0.11/turn

%: faith
@: no status effects
A: sickness immunity, AC +5, negative energy resistance 1, electricity
resistance, torment resistance 1, petrification resistance
a: no special abilities


You were on level 6 of the Dungeon.
You visited 1 branch of the dungeon, and saw 6 of its levels.

You collected 242 gold pieces.


Innate Abilities, Weirdness & Mutations

You are immune to sickness and miasma.
Your stone body is resilient. (AC +5)
You are immune to poison.
You resist negative energy. (rN+)
You are resistant to electric shocks. (rElec)
You are resistant to unholy torment.
You are immune to petrification.


   Skills:
 + Level 5.1 Fighting
 - Level 9.0 Ranged Weapons
 - Level 2.0 Armour
 - Level 2.0 Dodging
 - Level 1.1 Stealth


You had 7 spell levels left.
You didn't know any spells.
Your spell library was empty.

Inventory:

Hand Weapons
 Y - a +2 orcbow (weapon)
Armour
 d - a +0 helmet (worn)
 h - a +0 ring mail (worn)
Jewellery
 b - a +6 ring of strength (left hand)
 j - an amulet of faith (around neck)
Scrolls
 a - a scroll of teleportation
 g - a scroll of identify
Potions
 c - a potion of curing
 e - a potion of resistance
 i - a potion of haste
 l - a potion of mutation {unknown}

Dungeon Overview and Level Annotations

Branches:
Dungeon (6/15)
 Temple: D:4-7

Altars:
Gozag
Hepliaklqana


Message History

You kill the orc wizard!
The orc wizard casts a spell at you. The puff of flame hits you.
An orc comes into view. It is wielding a +0 mace.
An ogre comes into view. It is wielding a +0 giant club.
You shoot an arrow. The arrow completely misses the orc.
The ogre shouts!
The orc shouts!
The arrow hits the orc!
You kill the orc!
The orc closely misses you.
You shoot an arrow. The arrow misses the orc wizard.
The orc wizard hits you with a +0 dagger.
The orc barely misses you.
You shoot an arrow.
The arrow closely misses the orc wizard.
The orc wizard barely misses you. The orc hits you but does no damage.
The orc barely misses you. The orc wizard barely misses you.
You shoot an arrow. The arrow hits the orc wizard.
You kill the orc wizard!
The orc hits you with a +0 mace.
Your Ranged Weapons skill increases to level 9!
You shoot an arrow. The arrow hits the orc.
The orc is severely wounded.
The orc barely misses you. The orc hits you but does no damage.
You shoot an arrow. The arrow hits the orc!
You kill the orc!
The orc barely misses you.
The ogre hits you with a +0 giant club!!
You shoot an arrow. The arrow hits the ogre!
The ogre is moderately wounded.
The orc closely misses you.
You shoot an arrow. The arrow hits the ogre!
The ogre is heavily wounded.
The ogre hits you with a +0 giant club! The orc hits you with a +0 mace.
You shoot an arrow. The arrow hits the ogre!
The ogre is almost dead.
The orc hits you with a +0 mace.
The ogre hits you with a +0 giant club!!
Ouch! That really hurt!
You die...

#.##[..#...
#########......##.#
##......#####......%
#.......# ###.#..#
#.......# #......
#...#.# #...###
#./...######...# #
#.#..<.........# #
#@...########.....
#o)O....# ..####
.).#....## #...
###......... .....
.......... ........
........#.# ........
#.........##........
.#. ..#.#.


You could see an ogre and an orc.

Vanquished Creatures
  A water moccasin (D:6)
  An ogre (D:6)
  A centaur (D:3)
  A bullfrog (D:5)
  A scorpion (D:5)
  6 orc priests
  3 hounds
  A jelly (D:6)
  An iguana (D:4)
  5 orc wizards
  8 adders
  2 gnolls (D:1)
  2 white imps (D:5)
  3 worms
  4 dart slugs
  19 orcs
  4 bats
  9 endoplasms
  7 hobgoblins
  7 jackals (D:5)
  4 ball pythons
  A frilled lizard (D:1)
  6 goblins
  7 kobolds
  6 rats
110 creatures vanquished.

Notes
Turn   | Place    | Note
-------+----------+-------------------------------------------
     0 | D:1      | qw the Gargoyle Hunter began the quest for the Orb.
     0 | D:1      | Reached XP level 1. HP: 12/12 MP: 1/1
     0 | D:1      | 0 ||| qw: Version: 0.3-a-76-g4403597
     0 | D:1      | 0 ||| qw: Game counter: 224
     0 | D:1      | 0 ||| qw: Melee chars always use a shield: true
     0 | D:1      | 0 ||| qw: God list: Okawaru
     0 | D:1      | 0 ||| qw: Allow faded altars: false
     0 | D:1      | 0 ||| qw: Do Orc after clearing Dungeon:15 true
     0 | D:1      | 0 ||| qw: Do second Lair branch before Depths: true
     0 | D:1      | 0 ||| qw: Lair rune preference: random
     0 | D:1      | 0 ||| qw: Goals: Normal
     0 | D:1      | 0 ||| PLANNING D:1-11
   160 | D:1      | Reached XP level 2. HP: 12/17 MP: 2/2
   436 | D:1      | 436 ||| Stepping ~*~*~tactically~*~*~ (retreating).
   441 | D:1      | Reached XP level 3. HP: 18/21 MP: 3/3
   447 | D:1      | Reached skill level 5 in Ranged Weapons
   682 | D:1      | 682 ||| UPGRADING to +0 helmet.
   687 | D:1      | 687 ||| UPGRADING to +0 ring mail.
   697 | D:1      | 697 ||| DROPPING +0 leather armour.
   698 | D:1      | 698 ||| READING 3 scrolls labelled DUXZAX DUTRIPH.
   701 | D:1      | 701 ||| READING scroll labelled AGAIMN TI VUM.
   702 | D:1      | 702 ||| READING scroll labelled DIUCVO YSAPH.
   803 | D:1      | 803 ||| READING scroll labelled KEQ AFOVASTUNN.
   804 | D:1      | 804 ||| READING scroll labelled MANI GAHURGH.
   805 | D:1      | 805 ||| DROPPING scroll of butterflies.
   927 | D:2      | Reached skill level 1 in Armour
  1019 | D:2      | Reached XP level 4. HP: 27/27 MP: 4/4
  1058 | D:2      | Reached skill level 3 in Fighting
  1269 | D:2      | 1269 ||| UPGRADING to amulet of faith.
  1274 | D:2      | 1274 ||| UPGRADING to +6 ring of strength.
  1275 | D:2      | 1275 ||| READING scroll labelled NOCYRO WEDWOQ.
  1295 | D:2      | 1295 ||| READING 3 scrolls labelled RUEDIO QYJAHARY.
  1296 | D:2      | 1296 ||| READING scroll labelled HYGUISA UKLESOZONO.
  1297 | D:2      | 1297 ||| READING 2 scrolls labelled XAMAIS FOPA.
  1298 | D:2      | 1298 ||| READING scroll labelled FUINEA ENLO.
  1299 | D:2      | 1299 ||| DROPPING 2 scrolls of fear.
  1425 | D:3      | 1425 ||| FLEEEEING.
  1426 | D:3      | 1426 ||| FLEEEEING.
  1427 | D:3      | 1427 ||| FLEEEEING.
  1428 | D:3      | 1428 ||| FLEEEEING.
  1430 | D:3      | 1430 ||| FLEEEEING.
  1760 | D:3      | Noticed a centaur
  1764 | D:3      | HP: 7/28 [centaur/arrow (9)]
  1765 | D:3      | 1765 ||| READING 2 scrolls of teleportation.
  1768 | D:3      | HP: 2/28 [centaur (2)]
  1816 | D:3      | Killed a centaur
  1817 | D:3      | Reached skill level 6 in Ranged Weapons
  1817 | D:3      | Reached XP level 5. HP: 10/32 MP: 5/5
  1913 | D:3      | 1913 ||| SWAPPING to +0 orcbow.
  1914 | D:3      | 1914 ||| DROPPING +0 shortbow.
  1997 | D:3      | 1997 ||| FLEEEEING.
  1999 | D:3      | 1999 ||| FLEEEEING.
  2000 | D:3      | 2000 ||| FLEEEEING.
  2001 | D:3      | 2001 ||| FLEEEEING.
  2002 | D:3      | 2002 ||| FLEEEEING.
  2003 | D:3      | 2003 ||| FLEEEEING.
  2005 | D:3      | 2005 ||| FLEEEEING.
  2006 | D:3      | 2006 ||| FLEEEEING.
  2007 | D:3      | 2007 ||| FLEEEEING.
  2009 | D:3      | 2009 ||| FLEEEEING.
  2010 | D:3      | 2010 ||| FLEEEEING.
  2011 | D:3      | 2011 ||| FLEEEEING.
  2012 | D:3      | 2012 ||| FLEEEEING.
  2013 | D:3      | 2013 ||| FLEEEEING.
  2014 | D:3      | 2014 ||| FLEEEEING.
  2015 | D:3      | 2015 ||| FLEEEEING.
  2016 | D:3      | 2016 ||| FLEEEEING.
  2136 | D:3      | Found a hazy altar of Hepliaklqana.
  2390 | D:3      | 2390 ||| READING 2 scrolls labelled WOCOALOULYA.
  2391 | D:3      | 2391 ||| READING scroll of enchant weapon.
  2391 | D:3      | 2391 ||| ENCHANTING +1 orcbow.
  2392 | D:3      | 2392 ||| DRINKING 2 silvery potions.
  2423 | D:3      | 2423 ||| DROPPING potion of lignification.
  2456 | D:4      | Reached XP level 6. HP: 38/38 MP: 6/6
  2934 | D:4      | 2934 ||| DRINKING 3 lumpy silvery potions.
  2935 | D:4      | 2935 ||| READING 3 scrolls of identify.
  2935 | D:4      | 2935 ||| IDENTIFYING black potion
  2936 | D:4      | 2936 ||| READING 2 scrolls of identify.
  2936 | D:4      | 2936 ||| IDENTIFYING yellow potion
  3019 | D:5      | Entered Level 5 of the Dungeon
  3054 | D:5      | 3054 ||| DRINKING 2 potions of curing.
  3054 | D:5      | 3054 ||| (to cure confusion)
  3071 | D:5      | Reached skill level 7 in Ranged Weapons
  3075 | D:5      | Reached XP level 7. HP: 37/43 MP: 7/7
  3109 | D:5      | 3109 ||| Stepping ~*~*~tactically~*~*~ (outnumbered).
  3198 | D:5      | 3198 ||| READING 2 scrolls of identify.
  3198 | D:5      | 3198 ||| IDENTIFYING bubbling coppery potion
  3199 | D:5      | 3199 ||| DROPPING potion of brilliance.
  3207 | D:5      | 3207 ||| STAIRDANCE
  3258 | D:4      | Reached skill level 8 in Ranged Weapons
  3268 | D:4      | HP: 10/44 [sleepcap (5)]
  3269 | D:4      | 3269 ||| READING 2 scrolls of teleportation.
  3600 | D:5      | 3600 ||| Stepping ~*~*~tactically~*~*~ (outnumbered).
  3601 | D:5      | 3601 ||| Stepping ~*~*~tactically~*~*~ (outnumbered).
  3602 | D:5      | 3602 ||| Stepping ~*~*~tactically~*~*~ (outnumbered).
  3895 | D:5      | Found an opulent altar of Gozag.
  4133 | D:6      | HP: 11/44 [water moccasin (7)]
  4134 | D:6      | 4134 ||| READING scroll of teleportation.
  4136 | D:6      | Reached XP level 8. HP: 11/49 MP: 8/8
  4314 | D:6      | Reached skill level 9 in Ranged Weapons
  4318 | D:6      | Mangled by an ogre

Levels and vault maps discovered:
D:1:      dpeg_arrival_circle_labyrinth_a, layout_loops_ring,
          minmay_pentomino_u4
D:2:      layout_rooms, kennysheep_big_empty_room,
          amcnicky_mini_rare_corridor_liquid
D:3:      layout_loops_cross, nzn_hepliaklqana_mist_gate,
          minmay_gold_behind_fungi, chequers_garden,
          minmay_randomly_rotated_circles
D:4:      layout_basic
D:5:      layout_cave_pools, nicolae_gozag_seed_capital, minmay_misc_feat_chi
D:6:      layout_basic, old_standard_altar, chequers_serial_rivers_small_a,
          nicolae_the_louvre

Skill      XL: |  1  2  3  4  5  6  7  8 |
---------------+-------------------------+-----
Ranged Weapons | 5 6 7 8 9 |  9.0
Armour         | 1 2 |  2.0
Fighting       | 3 4 5 |  5.1
Dodging        | 2 |  2.0
Stealth        | |  1.1

Action                     |  1- 3 |  4- 6 |  7- 9 || total
---------------------------+-------+-------+-------++-------
   Fire: Shortbow          |    72 |    76 |       ||   148
         Orcbow            |       |   116 |   173 ||   289
    Use: Scroll            |     5 |    10 |     3 ||    18
         Potion            |       |     3 |       ||     3
 Armour: Leather armour    |    16 |       |       ||    16
         Ring mail         |     8 |   102 |   108 ||   218
  Dodge: Dodged            |    21 |    74 |    76 ||   171

Table legend:
 A = Non-vault XP
 B = Vault XP
 C = Vault XP percentage of total XP
 D = Non-vault monster count
 E = Vault monster count
 F = Vault count percentage of total count
                 A         B        C        D         E       F
            +---------+---------+-------+---------+---------+-------
      Total |    1465 |      41 |   2.7 |     100 |      10 |   9.1
            +---------+---------+-------+---------+---------+-------
        D:1 |      32 |      17 |  34.7 |      11 |       4 |  26.7
        D:2 |      46 |       0 |   0.0 |      13 |       0 |   0.0
        D:3 |     196 |      24 |  10.9 |      24 |       6 |  20.0
        D:4 |     231 |       0 |   0.0 |      15 |       0 |   0.0
        D:5 |     576 |       0 |   0.0 |      30 |       0 |   0.0
        D:6 |     384 |       0 |   0.0 |       7 |       0 |   0.0
            +---------+---------+-------+---------+---------+-------
